AoeStats
← carlobanchon

Arabian Desert

510420980Analyzed
1v1 RM · 1d ago on Sep 30, 2026· 24m 57s· 2 players
Game mode
Random Map
Map size
Tiny (2 player)
Population
200
Speed
Normal
Resources
Standard
Victory
Conquest
Starting age
Dark Age
Ending age
Imperial Age
RankedLock teamsTeams togetherTeam positionsShared explorationLock speedFull tech treeHidden civsTurbo modeCheats
Victory
Defeat
🇨🇦 Muisca · Canada
1159
+17
🇪🇨 Persians · Ecuador
1175
-17
Ellie
6:52 Loom
9:38 Feudal Age
10:22 Double-Bit Axe
14:02 Fletching
21:09 Castle Age
21:18 Padded Archer Armor
22:11 Bow Saw
21:59 Bodkin Arrow
21:25 Crossbowman
24:26 Thumb Ring
24:39 Leather Archer Armor
24:21 Horse Collar
carlobanchon
3:51 Loom
9:11 Feudal Age
9:36 Double-Bit Axe
12:26 Horse Collar
14:48 Scale Barding Armor
15:59 Fletching
21:15 Wheelbarrow
23:24 Castle Age
22:00 Bloodlines
21:55 Gold Mining
22:47 Padded Archer Armor
24:50 Forging
Connection lost

Rejoining the realm…

Still unreachable

The connection could not be restored.

Session expired

The server has moved on; the page needs a fresh start.